 Dungeon Crawl Stone Soup version 0.31-a0-1057-g70f3316b05 (webtiles) character file.

Game seed: 10362858605361764994

15102 Revguard the Fighter (level 12, -4/106 HPs)
             Began as a Ghoul Fighter on Nov 20, 2023.
             Was an Initiate of Yredelemnul.
             Slain by a boulder beetle (15 damage)
             ... on level 13 of the Dungeon.
             The game lasted 00:35:23 (12375 turns).

Revguard the Fighter (Ghoul Fighter)               Turns: 12375, Time: 00:35:25

Health: -4/106     AC: 29    Str: 33    XL:     12   Next: 23%
Magic:  15/15      EV:  9    Int:  3    God:    Yredelemnul [......]
Gold:   512        SH: 13    Dex:  6    Spells: 11/11 levels left

rFire   . . .        a - +1 war axe (flame)
rCold   + + .        g - +3 buckler
rNeg    + + +        s - +1 plate armour
rPois   ∞            r - +2 helmet
rElec   .            e - +2 cloak {rPois}
rCorr   .            p - +0 pair of gloves
SInv    .            m - +2 pair of boots of Beogh's Scorn {rPois Will+ Str+7 Dex-4}
Will    +....        u - amulet of Utyer {Reflect Str+3 SH+5} Stlth
                     i - ring of protection from cold
HPRegen 0.00/turn    w - +4 ring of protection
MPRegen 0.14/turn

%: reflection
@: mighty, inhibited regen
A: claws 1, cold resistance 1, negative energy resistance 3, inhibited
regeneration, torment resistance 2, devour on kill
a: Renounce Religion, Recall Undead Harvest


You were on level 13 of the Dungeon.
You worshipped Yredelemnul.
Yredelemnul was noncommittal.
You visited 2 branches of the dungeon, and saw 14 of its levels.

You collected 1018 gold pieces.
You spent 506 gold pieces at shops.

Inventory:

Hand Weapons
 a - a +1 war axe of flaming (weapon)
 v - a +2 hand axe of venom
Armour
 e - a +2 cloak of poison resistance (worn)
 g - a +3 buckler (worn)
 m - the +2 pair of boots of Beogh's Scorn (worn) {rPois Will+ Str+7 Dex-4}
   (You bought it in a shop on level 3 of the Dungeon)

   Str+7:     It affects your strength (+7).
   Dex-4:     It affects your dexterity (-4).
   rPois:     It protects you from poison Will+: It increases your willpower.
 p - a +0 pair of gloves (worn)
 r - a +2 helmet (worn)
 s - a +1 plate armour (worn)
Jewellery
 i - a ring of protection from cold (left hand)
 u - the amulet of Utyer (around neck) {Reflect Str+3 SH+5}
   (You found it on level 12 of the Dungeon)

   [amulet of reflection]

   Reflect:   It reflects blocked missile attacks.
   Str+3:     It affects your strength (+3).
   SH+5:      It affects your SH (+5).
 w - a +4 ring of protection (right hand)
 H - an amulet of the acrobat
 I - an amulet of reflection
Wands
 c - a wand of digging (2)
 q - a wand of flame (18)
 E - a wand of charming (8)
Scrolls
 h - 2 scrolls of poison
 j - 3 scrolls of enchant weapon
 k - 4 scrolls of teleportation
 l - 3 scrolls of noise
 o - a scroll of amnesia
 t - a scroll of vulnerability
 y - a scroll of identify
 z - 2 scrolls of immolation
 A - a scroll of revelation
 B - a scroll of silence
Potions
 b - 3 potions of cancellation
 f - a potion of resistance
 x - 2 potions of mutation {unknown}
 C - 4 potions of magic {unknown}
 D - a potion of curing
 J - a potion of enlightenment
 K - a potion of attraction {unknown}


   Skills:
 * Level 10.2 Fighting
 * Level 8.3 Axes
 + Level 6.3 Armour
 + Level 5.4 Dodging
 * Level 8.6 Shields
 + Level 6.6 Invocations
 + Level 5.5 Evocations


You had 11 spell levels left.
You didn't know any spells.
Your spell library contained the following spells:

 Spells                   Type           Power      Damage    Failure   Level
 Apportation              Tloc           0%         N/A       99%         1
 Blink                    Tloc           0%         N/A       100%        2
 Lesser Beckoning         Tloc           0%         N/A       100%        2
 Gell's Gravitas          Tloc           0%         N/A       100%        3
 Inner Flame              Hex/Fire       0%         N/A       100%        3
 Ozocubu's Armour         Ice            0%         N/A       100%        3
 Teleport Other           Tloc           0%         N/A       100%        3
 Manifold Assault         Tloc           0%         N/A       100%        4
 Summon Ice Beast         Ice/Summ       0%         N/A       100%        4
 Alistair's Intoxication  Tmut/Pois      0%         N/A       100%        5
 Borgnjor's Vile Clutch   Necr/Erth      0%         N/A       100%        5
 Yara's Violent Unravell  Hex/Tmut       0%         3d3       100%        5
 Eringya's Noxious Bog    Tmut/Pois      0%         4d6       100%        6
 Enfeeble                 Hex            0%         N/A       100%        7


Dungeon Overview and Level Annotations

Branches:
Dungeon (13/15)            Temple (1/1) D:6            Lair (0/5) D:8
    Orc (0/2) D:11
 Vaults: D:13-14

Altars:
Ashenzari
Cheibriados
Dithmenos
Fedhas
Gozag
Hepliaklqana
Kikubaaqudgha
Makhleb
Nemelex Xobeh
Okawaru
Qazlal
Ru
Sif Muna
Trog
Uskayaw
Vehumet
Wu Jian
Xom
Yredelemnul

Shops:
D:3 [   D:8 !

Portals:
Trove: D:10 (give horn of Geryon)


Innate Abilities, Weirdness & Mutations

You are immune to poison.
You have sharp fingernails.
Your flesh is cold resistant. (rC+)
You are immune to negative energy. (rN+++)
You do not regenerate when monsters are visible.
You are immune to unholy pain and torment.
You thrive by killing the living.


Message History

You hit the boulder beetle but do no damage.
The boulder beetle is moderately wounded.
You block the boulder beetle's attack.
You hit the boulder beetle but do no damage.
The boulder beetle is moderately wounded.
You block the boulder beetle's attack.
You slash the boulder beetle! You burn the boulder beetle.
The boulder beetle is heavily wounded.
The boulder beetle bites you!
* * * LOW HITPOINT WARNING * * *
You barely miss the boulder beetle.
The boulder beetle is heavily wounded.
The boulder beetle bites you but does no damage.
You hit the boulder beetle but do no damage.
The boulder beetle is heavily wounded.
The boulder beetle barely misses you.
You hit the boulder beetle but do no damage.
The boulder beetle is heavily wounded.
The boulder beetle bites you but does no damage.
You hit the boulder beetle. You burn the boulder beetle.
The boulder beetle is heavily wounded.
The boulder beetle leaps!
The boulder beetle leaps!
Aiming: Dig
Press: ? - help, Shift-Dir - straight line, p - boulder beetle A rock wall.
The rock shatters into small pieces.
You start resting.
A boulder beetle is nearby!
You slash the boulder beetle! You burn the boulder beetle.
The boulder beetle is heavily wounded.
The boulder beetle bites you.
* * * LOW HITPOINT WARNING * * *
You hit the boulder beetle. You burn the boulder beetle.
The boulder beetle is severely wounded.
The boulder beetle bites you!
* * * LOW HITPOINT WARNING * * *
The boulder beetle bites you!
You die...
You join the legions of the undead harvest.

##.......○. ##
#..........
#.#
##.).?.##..
#.#
##.##.......
#.#
##B####......
#.#
##.####......#
#.# ##.##
#.......#
#.###.##
##..z.....
#@#.##
#.........
##B##
##..[...##.
###
#..........
#..........
##.<....... .
####..#...
#..##.#...##..
#.........##..
#.............


You could see a boulder beetle.

Vanquished Creatures
  2 two-headed ogres (D:10)
  3 skeletal warriors (D:13)
  2 arcanists (D:11)
  6 ugly things (D:11)
  2 cyclopes
  A hornet (D:11)
  3 slime creatures (D:12)
  2 shadows (D:12)
  2 wyverns
  6 yaks
  2 vampires
  2 steam dragons
  3 wraiths
  2 vampire mosquitoes (D:12)
  3 wargs (D:8)
  2 water moccasins
  3 orc warriors
  A black bear (D:6)
  2 ice beasts
  2 sky beasts (D:7)
  2 ogres
  3 centaurs
  A phantom (D:5)
  2 kobold brigands
  A bullfrog (D:7)
  A scorpion (D:4)
  6 killer bees
  2 howler monkeys (D:9)
  2 hounds
  Crazy Yiuf (D:4)
  6 orc priests
  A sleepcap (D:6)
  3 iguanas
  10 orc wizards
  4 gnolls
  10 adders
  A shadow imp (D:7)
  2 white imps (D:5)
  A worm (D:3)
  A dart slug (D:1)
  50 orcs
  7 bats
  6 endoplasms
  4 giant cockroaches
  6 goblins
  4 hobgoblins (D:1)
  14 kobolds
  8 quokkas
  11 ball pythons
  5 frilled lizards
  5 rats
231 creatures vanquished.

Vanquished Creatures (collateral kills)
  A two-headed ogre (D:8)
  An ugly thing (D:11)
  A vampire mosquito (D:12)
  An orc warrior (D:8)
  A centaur (D:9)
  A kobold brigand (D:8)
  A gnoll sergeant (D:9)
  6 killer bees
  A jelly (D:7)
  2 orc priests (D:8)
  A gnoll (D:9)
  2 orcs (D:8)
19 creatures vanquished.

Vanquished Creatures (others)
  An ugly thing zombie (D:11)
  An arcanist (D:4)
  A vampire mosquito zombie (D:12)
  2 warg zombies (D:8)
  2 yak zombies
  A killer bee zombie (D:8)
  3 kobold zombies (D:8)
  15 orc zombies
  A spectral shadow imp (D:7)
27 creatures vanquished.

Grand Total: 277 creatures vanquished

Notes
Turn   | Place    | Note
-------+----------+-------------------------------------------
     0 | D:1      | Revguard the Ghoul Fighter began the quest for the Orb.
     0 | D:1      | Reached XP level 1. HP: 19/19 MP: 0/0
   106 | D:1      | You fall into a shaft and drop 1 floor!
   143 | D:2      | Reached XP level 2. HP: 23/26 MP: 1/1
   198 | D:2      | Reached XP level 3. HP: 23/31 MP: 2/2
   884 | D:2      | Reached skill level 1 in Invocations
   884 | D:2      | Reached XP level 4. HP: 35/40 MP: 3/3
  1222 | D:1      | Reached skill level 1 in Evocations
  1834 | D:3      | Reached XP level 5. HP: 43/46 MP: 4/4
  1907 | D:3      | Found Daahih's Antique Armour Shoppe.
  2131 | D:3      | Reached skill level 4 in Fighting
  2316 | D:4      | Reached skill level 1 in Dodging
  2592 | D:4      | Found a blossoming altar of Fedhas.
  2743 | D:4      | Reached XP level 6. HP: 48/53 MP: 6/6
  2797 | D:4      | Found a bloodstained altar of Trog.
  2798 | D:4      | Noticed an arcanist
  2804 | D:4      | Killed an arcanist
  3116 | D:4      | Found a shadowy altar of Dithmenos.
  3116 | D:4      | Found a broken altar of Ashenzari.
  3466 | D:4      | Found a runed translucent door.
  3467 | D:4      | Noticed Crazy Yiuf
  3484 | D:4      | Killed Crazy Yiuf
  3485 | D:4      | Reached XP level 7. HP: 25/60 MP: 4/7
  3695 | D:5      | Entered Level 5 of the Dungeon
  3868 | D:5      | Found an ancient bone altar of Kikubaaqudgha.
  4061 | D:3      | Bought a pair of jewelled boots for 218 gold pieces
  4061 | D:3      | Identified the +2 pair of boots of Beogh's Scorn {rPois
                  | Will+ Str+7 Dex-4} (You bought it in a shop on level 3 of
                  | the Dungeon)
  4210 | D:5      | Reached skill level 5 in Fighting
  4949 | D:6      | Reached XP level 8. HP: 61/69 MP: 7/9
  5141 | D:6      | Found a sparkling altar of Nemelex Xobeh.
  5162 | D:6      | Found a staircase to the Ecumenical Temple.
  5170 | Temple   | Entered the Ecumenical Temple
  5193 | Temple   | Became a worshipper of Yredelemnul the Dark
  5531 | D:7      | Reached * piety under Yredelemnul
  5685 | D:7      | Found a shimmering altar of Xom.
  5726 | D:7      | Reached ** piety under Yredelemnul
  5796 | D:7      | Found a hazy altar of Hepliaklqana.
  5834 | D:7      | Reached skill level 6 in Fighting
  5834 | D:7      | Reached skill level 5 in Shields
  6046 | D:7      | Reached XP level 9. HP: 71/77 MP: 10/10
  6467 | D:8      | Reached skill level 5 in Axes
  6511 | D:8      | Found a staircase to the Lair.
  6788 | D:8      | Reached skill level 7 in Fighting
  6863 | D:8      | Reached *** piety under Yredelemnul
  6965 | D:8      | Noticed a two-headed ogre
  6980 | D:8      | Killed a two-headed ogre
  6997 | D:8      | Reached XP level 10. HP: 50/86 MP: 12/12
  7269 | D:8      | Found Jenofeg's Distillery.
  7272 | D:8      | Bought a potion of heal wounds for 70 gold pieces
  7694 | D:9      | Reached skill level 5 in Armour
  7932 | D:9      | Reached skill level 8 in Fighting
  8153 | D:9      | Reached skill level 5 in Invocations
  8598 | D:10     | Entered Level 10 of the Dungeon
  8760 | D:10     | Noticed a cyclops
  8775 | D:10     | Killed a cyclops
  8778 | D:10     | Noticed a two-headed ogre
  8790 | D:10     | Killed a two-headed ogre
  8791 | D:10     | Reached XP level 11. HP: 52/95 MP: 12/14
  9001 | D:10     | Noticed a two-headed ogre
  9012 | D:10     | Killed a two-headed ogre
  9042 | D:10     | Found a portal to a secret trove of treasure.
  9414 | D:3      | Bought a pair of translucent boots for 218 gold pieces
  9414 | D:3      | Identified the +2 pair of boots "Viugisirph" {Rampage rPois
                  | rF++ Will-} (You bought it in a shop on level 3 of the
                  | Dungeon)
  9677 | D:11     | Reached skill level 9 in Fighting
  9839 | D:11     | Noticed a cyclops
  9849 | D:11     | Killed a cyclops
  9992 | D:11     | Found a broken altar of Ashenzari.
 10005 | D:11     | Found a staircase to the Orcish Mines.
 10242 | D:11     | Noticed a white ugly thing
 10242 | D:11     | Noticed a white ugly thing
 10249 | D:11     | Noticed a red ugly thing
 10249 | D:11     | Noticed a green ugly thing
 10253 | D:11     | Noticed a brown ugly thing
 10269 | D:11     | Killed a white ugly thing
 10643 | D:11     | Killed a cyan ugly thing
 10656 | D:11     | Killed a green ugly thing
 10659 | D:11     | Killed a cyan ugly thing
 10666 | D:11     | Killed a cyan ugly thing
 10667 | D:11     | Reached skill level 5 in Dodging
 10667 | D:11     | Reached skill level 5 in Evocations
 10879 | D:11     | Noticed an arcanist
 10896 | D:11     | Killed an arcanist
 10942 | D:11     | Noticed a green ugly thing
 10966 | D:11     | Killed a green ugly thing
 11030 | D:11     | Noticed a purple ugly thing
 11030 | D:11     | Noticed an arcanist
 11042 | D:11     | Killed an arcanist
 11054 | D:11     | Killed a purple ugly thing
 11189 | D:12     | Identified the amulet of Utyer {Reflect Str+3 SH+5}
 11606 | D:12     | Got the Encyclopedia of Snow and the Blink Frog
 11629 | D:12     | Reached XP level 12. HP: 106/106 MP: 15/15
 11635 | D:12     | Reached skill level 10 in Fighting
 12133 | D:13     | Noticed a centaur warrior
 12334 | D:13     | HP: 3/106 [skeletal warrior/+0 war axe (19)]
 12339 | D:13     | Noticed a boulder beetle
 12375 | D:13     | Slain by a boulder beetle

Illustrated notes

Levels and vault maps discovered:
D:1:      dpeg_arrival_tiny_b, layout_basic, hex_medium
D:2:      layout_loops_ring, serial_forest, infiniplex_forest_lined_ring,
          infiniplex_forest_end_3, infiniplex_forest_lined_3_way,
          infiniplex_forest_straight_2, infiniplex_forest_clump_large,
          infiniplex_forest_lined_1, infiniplex_forest_end_3
D:3:      layout_rooms, serial_shops, nicolae_shop_tiny_statue_garden
D:4:      layout_layer_cave, gammafunk_temple_overflow_wave, trog_wizard,
          fedhas_altar_4, nicolae_elevator_lobby_plus, uniq_crazy_yiuf_cottage
D:5:      layout_gridville, lemuel_crystal_altar
D:6:      layout_gridville, nemelex_diamond_rough_becter,
          minmay_temple_entry_stoned_glass
D:7:      minmay_angry_zag, layout_loops_cross,
          worldfamousw_hep_ancestral_shrine,
          mainiacjoe_overflow_surrounded_room, amcnicky_mini_corridor_feature,
          centaur_isle
D:8:      layout_basic, erik_lair_orcish_takeover, serial_shops, shop_statue,
          hangedman_minor_gate_pass
D:9:      layout_basic
D:10:     layout_rooms, lemuel_round_altar, enter_trove_6
D:11:     cheibrodos_breeding_chamber, layout_irregular_city, orc_0_dummy,
          eino_tiny_chamber, ashenzari_altar_1
D:12:     layout_loops_cross
D:13:     layout_cave_pools, hellmonk_vaults_attempted_burglary
Temple:   cyrus_circular_temple

Skill      XL: |  1  2  3  4  5  6  7  8  9 10 11 12 |
---------------+-------------------------------------+-----
Axes           | 2 3 4 5 7 8 |  8.3
Shields        | 3 4 5 6 7 8 |  8.6
Invocations    | 1 2 3 4 5 6 |  6.6
Evocations     | 1 2 3 4 5 |  5.5
Armour         | 3 4 5 6 |  6.3
Fighting       | 4 5 6 7 8 9 10 | 10.2
Dodging        | 1 2 3 4 5 |  5.4

Action                     |  1- 3 |  4- 6 |  7- 9 | 10-12 || total
---------------------------+-------+-------+-------+-------++-------
  Melee: War axe           |   162 |   171 |       |   203 ||   536
         Hand axe          |       |    55 |   301 |   261 ||   617
  Evoke: Wand              |       |       |     1 |     7 ||     8
    Use: Scroll            |       |     1 |    15 |     7 ||    23
         Potion            |       |     2 |     4 |     4 ||    10
   Stab: Invisible         |       |       |     3 |       ||     3
         Distracted        |       |       |     1 |     2 ||     3
 Armour: Scale mail        |    57 |       |       |       ||    57
         Chain mail        |    44 |    84 |       |       ||   128
         Plate armour      |       |   101 |   305 |   348 ||   754
  Dodge: Dodged            |    73 |    83 |    99 |   134 ||   389
  Block: Buckler           |    31 |    46 |    90 |   171 ||   338

Table legend: (Time is in decaauts)
 A = Elapsed time spent in this place.
 B = Non-inter-level travel time spent in this place.
 C = Inter-level travel time spent in this place.
 D = Time resting spent in this place.
 E = Time spent auto-exploring this place.
 F = Levels seen in this place.
 G = Mean time per level.
                   A        B        C        D        E       F      G
               +--------+--------+--------+--------+--------+-----+--------+
         Total |  12607 |  11625 |    982 |    548 |   8068 |  14 |  900.5 |
       Dungeon |  12570 |  11601 |    969 |    548 |   8068 |  13 |  966.9 |
        Temple |     36 |     23 |     13 |      0 |      0 |   1 |   36.0 |
               +--------+--------+--------+--------+--------+-----+--------+

Top non-repeatable levels by time:
    D:11: 1588 daAuts
     D:4: 1518 daAuts
     D:8: 1268 daAuts
     D:7: 1224 daAuts
     D:9: 1013 daAuts
     D:2: 1000 daAuts
    D:12: 977 daAuts
     D:5: 941 daAuts
     D:1: 886 daAuts
    D:10: 693 daAuts
     D:6: 660 daAuts
     D:3: 556 daAuts
    D:13: 242 daAuts
  Temple: 36 daAuts
